 Dungeon Crawl Stone Soup version 0.30-a0-989-g0d87f670db (webtiles) character file.

Game seed: 16445077014893331023

347103 112233 the Sorcerer (level 21, -6/130 HPs)
             Began as a Deep Elf Earth Elementalist on Apr 3, 2023.
             Was an Initiate of Gozag.
             Mangled by a white very ugly thing (29 damage)
             ... summoned by a boggart
             ... on level 2 of the Vaults.
             The game lasted 01:11:30 (59762 turns).

112233 the Sorcerer (Deep Elf Earth Elementalist)  Turns: 59762, Time: 01:11:30

Health: -6/130     AC: 10    Str:  8    XL:     21   Next: 20%
Magic:  28/58      EV: 22    Int: 44    God:    Gozag
Gold:   3468       SH:  0    Dex: 15    Spells: 8/64 levels left

rFire   . . .      SeeInvis .    w - staff of conjuration "Cibredgh" {rN+ Int+6}
rCold   . . .      Faith    .    (no shield)
rNeg    + . .      Spirit   .    W - +2 robe {Will+}
rPois   +          Reflect  .    S - +2 hat {Will+}
rElec   .          Rampage  .    O - +2 cloak {rPois}
rCorr   .                        (no gloves)
Will    +++++                    j - +0 pair of boots
Stlth   ++                       v - amulet "Niommef" {RegenMP Will+ Str+3}
HPRegen 0.41/turn                h - ring of magical power
MPRegen 0.76/turn                n - +6 ring of intelligence

@: no status effects
A: no striking features
}: 2/15 runes: decaying, serpentine
a: Renounce Religion, Potion Petition, Call Merchant, Bribe Branch


You were on level 2 of the Vaults.
You worshipped Gozag.
Gozag was most pleased with you.
You visited 7 branches of the dungeon, and saw 35 of its levels.
You also visited: Ice Cave.

You collected 15435 gold pieces.
You spent 4974 gold pieces at shops.
You paid 6993 gold pieces to Gozag.

Inventory:

Missiles
 A - 2 throwing nets
Armour
 j - a +0 pair of boots (worn)
 O - a +2 cloak of poison resistance (worn)
 S - a +2 hat of willpower (worn)
 W - a +2 robe of willpower (worn)
Magical Staves
 w - the staff of conjuration "Cibredgh" (weapon) {rN+ Int+6}
   (You acquired it on level 2 of the Elven Halls)

   [staff of conjuration]

   Base accuracy: +5 Base damage: 5 Base attack delay: 1.2 This weapon's minimum
   attack delay (0.6) is reached at skill level 12.
   Int:       It affects your intelligence (+6).
   rN:        It protects you from negative energy.
   It falls into the 'Staves' category.
   It is a one-handed weapon.
Jewellery
 h - a ring of magical power (left hand)
 n - a +6 ring of intelligence (right hand)
 o - the ring of Lugonu's Vengeance {*Slow rN+ Will+ Int+4 Dex+6}
   (You took it off a deep elf blademaster on level 3 of the Elven Halls)

   [ring of dexterity]

   Int:       It affects your intelligence (+4).
   Dex:       It affects your dexterity (+6).
   rN:        It protects you from negative energy.
   *Slow:     It may slow you when you take damage.
   Will:      It increases your willpower.
 v - the amulet "Niommef" (around neck) {RegenMP Will+ Str+3}
   (You found it in an ice cave)

   [amulet of magic regeneration]

   It increases your rate of magic regeneration.
   Str:       It affects your strength (+3).
   Will:      It increases your willpower.
Wands
 f - a wand of light (4)
 k - a wand of digging (5)
 l - a wand of mindburst (15)
 K - a wand of iceblast (11)
 N - a wand of charming (24)
Scrolls
 d - 13 scrolls of identify
 i - 6 scrolls of summoning
 m - 2 scrolls of blinking
 q - 8 scrolls of enchant weapon
 r - 21 scrolls of teleportation
 s - 7 scrolls of vulnerability
 t - 7 scrolls of fear
 u - 5 scrolls of silence
 y - 2 scrolls of brand weapon
 C - a scroll of torment
 H - 4 scrolls of poison
 L - 6 scrolls of immolation
 Q - 3 scrolls of enchant armour
 R - 5 scrolls of magic mapping
 T - 6 scrolls of amnesia
 V - a scroll of fog
 X - 5 scrolls of noise
Potions
 a - 6 potions of lignification
 b - 2 potions of resistance
 c - 13 potions of brilliance
 e - 7 potions of invisibility
 g - 3 potions of berserk rage
 x - 14 potions of curing
 z - 5 potions of flight
 B - 10 potions of attraction
 D - 6 potions of mutation
 E - 7 potions of might
 G - 2 potions of heal wounds
 I - 3 potions of haste
 J - 4 potions of cancellation
 M - a potion of ambrosia
 U - 4 potions of degeneration
 Z - 6 potions of magic
Miscellaneous
 p - a phantom mirror
 F - a tin of tremorstones (2/2)
 P - a condenser vane (inert)
 Y - a box of beasts


   Skills:
 + Level 13.5 Fighting
 - Level 3.4 Staves
 - Level 1.1 Armour
 + Level 19.1 Dodging
 - Level 2.6 Stealth
 + Level 22.0 Spellcasting
 + Level 18.5 Conjurations
 - Level 10.1 Summonings
 - Level 1.3 Transmutations
 + Level 17.6 Earth Magic


You had 8 spell levels left.
You knew the following spells:

 Your Spells              Type           Power      Damage    Failure   Level
a - Iron Shot             Conj/Erth      71%        9d13      1%          6
b - Lehudib's Crystal Sp  Conj/Erth      71%        10d16     1%          8
c - Spellforged Servitor  Conj/Summ      66%        N/A       1%          7
d - Apportation           Tloc           96%        N/A       1%          1
e - Blink                 Tloc           96%        N/A       1%          2
f - Statue Form           Tmut/Erth      62%        N/A       1%          6
g - Passwall              Tmut/Erth      77%        N/A       0%          2
h - Irradiate             Conj/Tmut      58%        3d31      1%          5
i - Stone Arrow           Conj/Erth      100%       3d13      0%          3
j - Borgnjor's Vile Clut  Necr/Erth      45%        N/A       1%          5
k - Animate Armour        Summ/Erth      100%       N/A       0%          4
l - Orb of Destruction    Conj           71%        9d16      1%          7

Your spell library contained the following spells:

 Spells                   Type           Power      Damage    Failure   Level
 Magic Dart               Conj           100%       1d8       0%          1
 Sandblast                Erth           100%       2d20      0%          1
 Shock                    Conj/Air       100%       1d9       0%          1
 Summon Small Mammal      Summ           100%       N/A       0%          1
 Call Imp                 Summ           95%        N/A       0%          2
 Searing Ray              Conj           100%       2d8       0%          2
 Static Discharge         Conj/Air       100%       2-7/arc   0%          2
 Iskenderun's Battlesphe  Conj           100%       2d15      0%          5
 Beastly Appendage        Tmut           100%       N/A       1%          1
 Freeze                   Ice            100%       1d10      1%          1
 Necrotise                Necr           100%       1d9       1%          1
 Ensorcelled Hibernation  Hex/Ice        96%        N/A       1%          2
 Wereblood                Tmut           57%        N/A       1%          2
 Dazzling Flash           Conj/Hex       100%       N/A       1%          3
 Frozen Ramparts          Ice            96%        1d15      1%          3
 Hailstorm                Conj/Ice       100%       3d20      1%          3
 Ignite Poison            Fire/Tmut/Pois 51%        N/A       1%          3
 Inner Flame              Hex/Fire       48%        N/A       1%          3
 Mephitic Cloud           Conj/Pois/Air  100%       N/A       1%          3
 Ozocubu's Armour         Ice            48%        N/A       1%          3
 Spider Form              Tmut/Pois      53%        N/A       1%          3
 Summon Guardian Golem    Hex/Summ       75%        N/A       1%          3
 Swiftness                Air            48%        N/A       1%          3
 Vampiric Draining        Necr           48%        2d9       1%          3
 Vhi's Electric Charge    Tloc/Air       96%        N/A       1%          3
 Flame Wave               Conj/Fire      100%       2d21      1%          4
 Petrify                  Tmut/Erth      93%        N/A       1%          4
 Sticky Flame             Conj/Fire      100%       2d11      1%          4
 Summon Ice Beast         Ice/Summ       75%        N/A       1%          4
 Summon Lightning Spire   Summ/Air       75%        N/A       1%          4
 Arcjolt                  Conj/Air       57%        1d67      1%          5
 Fireball                 Conj/Fire      57%        3d22      1%          5
 Conjure Ball Lightning   Conj/Air       57%        3x3d21    1%          6
 Airstrike                Air            24%        2d(4-20)  3%          4
 Anguish                  Hex/Necr       24%        N/A       3%          4
 Ice Form                 Ice/Tmut       53%        N/A       3%          4
 Manifold Assault         Tloc           48%        N/A       3%          4
 Blade Hands              Tmut           28%        N/A       6%          5
 Alistair's Intoxication  Tmut/Pois      35%        N/A       9%          5
 Agony                    Necr           48%        N/A       11%         5
 Metabolic Englaciation   Hex/Ice        24%        N/A       11%         5
 Plasma Beam              Fire/Air       24%        2x1d26    11%         5
 Silence                  Hex/Air        24%        N/A       11%         5
 Eringya's Noxious Bog    Tmut/Pois      26%        N/A       41%         6
 Death Channel            Necr           24%        N/A       52%         6
 Dispersal                Tloc           24%        N/A       52%         6
 Dragon Form              Tmut           28%        N/A       88%         7
 Storm Form               Tmut/Air       26%        N/A       94%         7
 Ozocubu's Refrigeration  Ice            24%        4d12      97%         7
 Disjunction              Tloc           24%        N/A       100%        8
 Ignition                 Fire           24%        3d8       100%        8
 Necromutation            Tmut/Necr      26%        N/A       100%        8
 Fire Storm               Conj/Fire      57%        8d14      100%        9
 Animate Dead             Necr           Unusable   N/A       N/A         4
 Simulacrum               Ice/Necr       Unusable   N/A       N/A         6

Dungeon Overview and Level Annotations

Branches:
Dungeon (15/15)            Temple (0/1) D:7            Lair (5/5) D:10
  Swamp (4/4) Lair:2        Snake (4/4) Lair:3        Slime (0/5) Lair:4
    Orc (2/2) D:12            Elf (3/3) Orc:2        Vaults (2/5) D:14
 Depths (0/4) D:15          IceCv (visited)
  Crypt: Vaults:2-3

Altars:
Ashenzari
Elyvilon
Fedhas
Gozag
Hepliaklqana
Kikubaaqudgha
Makhleb
Nemelex Xobeh
Okawaru
Ru
Sif Muna
Uskayaw
Wu Jian
Yredelemnul
Jiyva
Lugonu

Shops:
D:7 (*!   Orc:2 (!!=*:   Elf:2 *   Elf:3 (   Snake:1 ?(!   Snake:3 ([
Snake:4 *   Vaults:2 :

Portals:
Abyss: Lair:5
Trove: Vaults:2 (give 17 potions of curing)

Annotations:
D:2 1 runed translucent door, Crazy Yiuf
D:7 2 transporters, Mandevil's ghost, novice TrEE
D:9 exclusion: downstairs
D:12 exclusion: downstairs
Lair:5 3 runed translucent doors, Veycecw's ghost, journeyman MiGl
Swamp:3 exclusion: downstairs
Orc:1 3 runed translucent doors, Zolda's ghost, journeyman MiBe
Elf:2 3 runed translucent doors


Message History

The zombie hands constrict the white very ugly thing!
The white very ugly thing is no longer distracted by gold.
An ironbound convoker comes into view. It is wielding a +0 great mace.
The vault sentinel blows a loud note on a signal horn!
The white ugly thing closely misses you.
The white very ugly thing completely misses you.
Unknown command.
Unknown command.
Casting: Borgnjor's Vile Clutch (mildly dangerous; 1% risk of failure)
Confirm with . or Enter, or press ? or * to list all spells.
You feel a surge of power!
You summon a servant imbued with your destructive magic!
The zombie hands constrict the vault sentinel!
The zombie hands constrict the white very ugly thing!
You hear a shout!
The white very ugly thing barely misses you.
The white ugly thing bites your spellforged servitor but does no damage.
The yaktaur shoots a bolt.
The bolt hits you!
The white ugly thing completely misses you.
The white very ugly thing kicks you.
The white very ugly thing freezes you!!!
The zombie hands constrict the vault sentinel!
The zombie hands constrict the white very ugly thing.
Something barely misses you.
The white very ugly thing headbutts you.
The white very ugly thing freezes you!!
The white ugly thing bites your spellforged servitor but does no damage.
Your spellforged servitor gestures at the white ugly thing while chanting.
The crystal spear hits the white ugly thing!!!!
The white ugly thing dies!
The white ugly thing's corpse dissolves into shadows!
The white ugly thing trunk-slaps you!
* * * LOW HITPOINT WARNING * * *
The white ugly thing freezes you!
* * * LOW HITPOINT WARNING * * *
The white very ugly thing kicks you.
* * * LOW HITPOINT WARNING * * *
The white very ugly thing freezes you!!
You die...
Your body crumbles into a pile of gold.

#.. ##########..
..#.......#.. ## ##.
+.......##. p ..
#.....).'.# p##.
#.......### # #uc#
#.......# #. #u.#
#.......#
#.#####@##########'#####
#.'...9uu...............
#.#.....................
#.....................
#.....................
#.....................
#.....####'#+#########
#.....# ##....##
#.....###..##..##


You could see 2 very ugly things, 2 ugly things, a vault sentinel (catching
breath, clutched), an ironbound convoker, a yaktaur and a friendly spellforged
servitor (summoned).

Vanquished Creatures
  Mlioglotl (Snake:3)
  A deep elf master archer (Elf:3)
  2 deep elf blademasters (Elf:3)
  A sphinx (Vaults:2)
  Gastronok (D:11)
  3 nagarajas (Snake:4)
  6 deep elf sorcerers
  Aizul (Snake:1)
  A vault warden (Vaults:2)
  2 deep elf elementalists (Elf:3)
  2 orc warlords
  A stone giant (Vaults:2)
  3 ironbound preservers
  5 ironbound thunderhulks
  3 deep elf demonologists (Elf:3)
  3 eleionomae
  Azrael (Snake:3)
  2 deep elf annihilators
  A bunyip (Swamp:1)
  A deep elf death mage (Elf:1)
  2 dire elephants (Vaults:1)
  Snorg (D:12)
  2 ettins
  Fannar (D:11)
  3 deep elf high priests (Elf:3)
  Josephine (D:13)
  3 vault guards (D:14)
  A shambling mangrove (Swamp:4)
  2 fire dragons
  A rakshasa (D:15)
  3 great orbs of eyes (Vaults:1)
  4 salamander tyrants
  2 spriggan air magi
  5 anacondas
  6 hydras
  A ghost crab (Lair:2)
  4 ironbound frosthearts
  A catoblepas (Lair:2)
  2 boulder beetles
  17 centaur warriors
  A tengu warrior (D:15)
  8 dancing weapons
  8 naga sharpshooters
  4 orc high priests
  3 thrashing horrors (Lair:5)
  4 shock serpents
  5 naga warriors
  12 deep elf knights
  2 large abominations (Lair:5)
  3 spriggan druids
  9 deep trolls
  A goliath frog (Swamp:1)
  A sea snake (Snake:3)
  2 bog bodies
  8 swamp dragons
  A glowing orange brain (D:15)
  4 salamander mystics
  5 naga ritualists
  4 harpies
  6 ironbound convokers
  7 lindwurms
  5 orc knights
  3 wizards
  16 deep elf archers
  32 deep elf pyromancers
  22 deep elf zephyrmancers
  A wolf spider (shapeshifter) (Vaults:2)
  6 mana vipers
  5 orc sorcerers
  12 ugly things
  2 cyclopes
  7 salamanders
  4 manticores
  2 nameless horrors
  7 elephants (Lair:5)
  12 naga magi
  Maurice (D:8)
  24 black mambas
  5 vault sentinels
  3 ice statues (IceCv)
  12 cane toads
  A smoke demon (Lair:5)
  A gargoyle (D:14)
  A yaktaur (shapeshifter) (D:15)
  Maggie (Lair:1)
  An unseen horror (D:11)
  5 rime drakes
  7 komodo dragons
  5 yaktaurs
  A freezing wraith (IceCv)
  2 guardian mummies (Vaults:2)
  A tengu conjurer (D:15)
  An anaconda simulacrum (IceCv)
  6 trolls
  An ancient zyme (Lair:5)
  5 tyrant leeches
  5 hornets
  4 polar bears
  A hornet (shapeshifter) (D:13)
  6 dream sheep (Lair:5)
  10 blink frogs (Lair:5)
  30 slime creatures
  A spriggan (shapeshifter) (D:14)
  9 spriggans
  5 air elementals
  A water elemental (Elf:3)
  3 ynoxinuls (Lair:5)
  3 wyverns
  48 yaks
  5 shadows
  2 basilisks
  7 wraiths
  A dire elephant simulacrum (IceCv)
  4 fire elementals
  A hog (shapeshifter) (Elf:2)
  A spectral komodo dragon (Lair:2)
  9 humans (D:14)
  3 chaos spawn (Lair:5)
  2 steam dragons
  13 vampire mosquitoes
  2 death yak simulacra (IceCv)
  7 swamp worms
  3 acid dragons
  18 nagas
  5 wargs
  12 water moccasins
  A hell hound (Snake:3)
  A spectral blink frog (Lair:2)
  22 orc warriors
  4 swamp drakes (Swamp:4)
  2 sky beasts (D:8)
  5 boggarts
  17 wolves
  4 black bears
  10 ogres
  A wolf (shapeshifter) (D:15)
  2 phantoms
  18 centaurs
  A gnoll sergeant (D:11)
  A spectral water moccasin (Lair:2)
  4 scorpions
  9 bullfrogs
  A cane toad simulacrum (IceCv)
  2 earth elementals
  4 wights (D:8)
  3 troll zombies (D:12)
  19 killer bees
  4 elephant simulacra (IceCv)
  2 electric eels (Lair:5)
  5 howler monkeys
  2 lava snakes (Lair:3)
  2 jellies
  6 hounds
  8 orc priests
  3 iguanas
  22 orc wizards
  6 hell rats (Lair:1)
  9 small abominations (Lair:5)
  5 ogre zombies (D:12)
  9 gnolls
  8 adders
  A white imp (D:8)
  An ufetubus (D:5)
  3 worms
  A dart slug (D:4)
  86 orcs
  9 endoplasms
  4 goblins
  6 hobgoblins
  2 jackals (D:4)
  11 kobolds
  6 quokkas
  8 ball pythons
  A bat (D:3)
  A frilled lizard (D:1)
  2 goblin skeletons (D:12)
  2 goblin zombies (D:12)
  2 hobgoblin skeletons (D:12)
  3 hobgoblin zombies (D:12)
  2 orc skeletons (D:12)
  14 orc zombies (D:12)
  2 rats
1031 creatures vanquished.

Vanquished Creatures (collateral kills)
  Saint Roka (Elf:2)
  Nikola (Swamp:2)
  2 deep elf master archers (Elf:3)
  2 nagarajas
  2 deep elf sorcerers (Elf:3)
  A deep elf elementalist (Elf:3)
  2 ironbound preservers (Vaults:2)
  An ironbound thunderhulk (Vaults:1)
  2 deep elf annihilators (Elf:3)
  An eleionoma (Swamp:4)
  2 dire elephants (Vaults:1)
  2 bunyips
  3 deep elf death magi (Elf:3)
  2 great orbs of eyes (Vaults:1)
  6 deep elf high priests
  3 yaktaur captains
  2 salamander tyrants (Snake:4)
  A ghost crab (Swamp:3)
  7 hydras
  3 ironbound frosthearts (Vaults:2)
  7 centaur warriors
  2 anacondas (Snake:4)
  3 alligators
  5 naga warriors (Snake:4)
  3 shock serpents
  4 naga sharpshooters
  A deep elf knight (Elf:3)
  3 salamander mystics
  2 spriggan druids
  3 deep trolls (Vaults:2)
  A glowing orange brain (Vaults:1)
  A naga ritualist (Snake:4)
  8 swamp dragons
  2 goliath frogs
  A bog body (Swamp:1)
  3 lindwurms (Vaults:1)
  An orc knight (Vaults:1)
  2 harpies
  2 deep elf archers (Elf:3)
  A phantasmal warrior (Vaults:2)
  4 deep elf pyromancers (Elf:3)
  A deep elf zephyrmancer (Elf:3)
  A mana viper (Snake:1)
  5 will-o-the-wisps
  7 salamanders
  A guardian serpent (shapeshifter) (Elf:3)
  7 black mambas
  3 naga magi
  A guardian serpent (Snake:3)
  A cane toad (Lair:3)
  A tyrant leech (Swamp:4)
  3 hornets (Swamp:4)
  5 slime creatures
  4 spriggans
  A fire elemental (Elf:3)
  A large abomination (Lair:5)
  5 swamp worms
  14 nagas
  2 hell hounds (Snake:3)
  6 swamp drakes
  3 orc warriors (Elf:2)
  A nameless horror (Elf:3)
  An orc wizard (Elf:2)
  An orc (Elf:2)
180 creatures vanquished.

Vanquished Creatures (others)
  An orc warrior (Orc:1)
  A boggart (Vaults:1)
  An orc wizard (Orc:2)
  15 foxfires
  12 fungi
  62 plants
  A withered plant (D:8)
93 creatures vanquished.

Grand Total: 1304 creatures vanquished

Notes
Turn   | Place    | Note
-------+----------+-------------------------------------------
     0 | D:1      | 112233 the Deep Elf Earth Elementalist began the quest for
                  | the Orb.
     0 | D:1      | Reached XP level 1. HP: 10/10 MP: 6/6
   477 | D:2      | Reached XP level 2. HP: 15/15 MP: 6/8
   594 | D:2      | Learned a level 2 spell: Passwall
   607 | D:2      | Reached skill level 4 in Spellcasting
   631 | D:2      | Reached XP level 3. HP: 19/19 MP: 8/11
   635 | D:2      | Learned a level 3 spell: Stone Arrow
   687 | D:2      | Identified the +1 leather armour of Inaction {rC+ Dex+5}
   700 | D:2      | Found a runed translucent door.
   701 | D:2      | Noticed Crazy Yiuf
  1130 | D:3      | Reached skill level 1 in Conjurations
  1130 | D:3      | Reached XP level 4. HP: 24/24 MP: 9/12
  1319 | D:3      | Found an opulent altar of Gozag.
  1370 | D:3      | Reached skill level 5 in Spellcasting
  1389 | D:3      | Became a worshipper of Gozag Ym Sagoz the Greedy
  1999 | D:4      | Reached XP level 5. HP: 28/28 MP: 11/14
  2182 | D:4      | Reached skill level 1 in Fighting
  2260 | D:4      | Reached XP level 6. HP: 34/34 MP: 12/16
  2364 | D:4      | Reached skill level 6 in Spellcasting
  2577 | D:4      | Reached skill level 5 in Earth Magic
  2695 | D:4      | Reached XP level 7. HP: 38/38 MP: 16/18
  3489 | D:5      | Entered Level 5 of the Dungeon
  3952 | D:5      | Reached skill level 7 in Spellcasting
  4007 | D:5      | Learned a level 1 spell: Apportation
  4198 | D:6      | Reached XP level 8. HP: 29/44 MP: 14/21
  4461 | D:6      | Reached skill level 5 in Conjurations
  4560 | D:6      | Reached skill level 8 in Spellcasting
  4870 | D:5      | Reached skill level 5 in Dodging
  5087 | D:5      | Found a white marble altar of Elyvilon.
  6382 | D:7      | Reached XP level 9. HP: 50/50 MP: 16/23
  6399 | D:7      | Reached skill level 9 in Spellcasting
  6569 | D:7      | Found a staircase to the Ecumenical Temple.
  6588 | D:7      | Found Gisietoy's Distillery.
  6591 | D:7      | Bought a potion of curing for 30 gold pieces
  6591 | D:7      | Bought a potion of curing for 30 gold pieces
  6591 | D:7      | Bought a potion of haste for 100 gold pieces
  6591 | D:7      | Bought a potion of invisibility for 80 gold pieces
  6591 | D:7      | Bought a potion of might for 40 gold pieces
  6591 | D:7      | Bought a potion of cancellation for 80 gold pieces
  6591 | D:7      | Bought a potion of brilliance for 40 gold pieces
  6627 | D:7      | Found a transporter.
  6632 | D:7      | Noticed Mandevil's ghost (novice TrEE)
  6633 | D:7      | Found a transporter.
  6739 | D:7      | Found Townuel's Weapon Shoppe.
  6757 | D:7      | Found Ytif's General Store.
  6767 | D:7      | Found a basalt altar of Yredelemnul.
  6769 | D:7      | Found a burning altar of Makhleb.
  6778 | D:7      | Found a hazy altar of Hepliaklqana.
  6780 | D:7      | Found a sparkling altar of Nemelex Xobeh.
  6781 | D:7      | Found a shimmering blue altar of Sif Muna.
  7072 | D:7      | Bought a potion of haste for 140 gold pieces
  7072 | D:7      | Bought a potion of invisibility for 112 gold pieces
  7072 | D:7      | Bought a potion of ambrosia for 112 gold pieces
  7072 | D:7      | Bought a scroll of immolation for 56 gold pieces
  7318 | D:8      | Noticed Maurice
  7400 | D:8      | Reached skill level 10 in Spellcasting
  7707 | D:8      | Killed Maurice
  7708 | D:8      | Reached XP level 10. HP: 56/56 MP: 26/26
  8155 | D:8      | Found a blossoming altar of Fedhas.
  8161 | D:8      | Found an ancient bone altar of Kikubaaqudgha.
  8394 | D:9      | Reached skill level 11 in Spellcasting
  9720 | D:9      | Found an ornate altar of the Wu Jian Council.
  9748 | D:10     | Entered Level 10 of the Dungeon
  9748 | D:10     | Found a staircase to the Lair.
  9863 | D:10     | Reached skill level 12 in Spellcasting
  9871 | D:10     | Reached XP level 11. HP: 48/62 MP: 18/29
 10448 | D:10     | Reached skill level 5 in Fighting
 10571 | D:10     | Found a hide-covered altar of Uskayaw.
 10571 | D:10     | Found a broken altar of Ashenzari.
 11108 | D:11     | Noticed Gastronok
 11120 | D:11     | Killed Gastronok
 11121 | D:11     | Reached skill level 10 in Conjurations
 11807 | D:11     | Noticed Fannar
 11816 | D:11     | Learned a level 4 spell: Petrify
 12118 | D:12     | Reached skill level 13 in Spellcasting
 12381 | D:12     | Found a staircase to the Orcish Mines.
 13955 | D:13     | Noticed a centaur warrior
 13986 | Orc:1    | Entered Level 1 of the Orcish Mines
 13986 | Orc:1    | Noticed Snorg
 14009 | D:12     | Killed Snorg
 14175 | Orc:1    | Noticed an orc high priest
 14388 | Orc:1    | Killed an orc high priest
 14389 | Orc:1    | Reached XP level 12. HP: 70/70 MP: 31/31
 14755 | Orc:1    | Found a runed translucent gate.
 14755 | Orc:1    | Found a runed translucent gate.
 14755 | Orc:1    | Found a runed translucent gate.
 14755 | Orc:1    | Noticed a centaur warrior
 14755 | Orc:1    | Noticed a stone giant
 14755 | Orc:1    | Noticed a centaur warrior
 14755 | Orc:1    | Noticed Zolda's ghost (journeyman MiBe)
 14756 | Orc:1    | Noticed a centaur warrior
 14763 | Orc:1    | Found an iron altar of Okawaru.
 15866 | Orc:1    | Noticed an orc warlord
 15972 | Orc:1    | Killed an orc warlord
 16273 | Orc:2    | Entered Level 2 of the Orcish Mines
 16906 | Orc:2    | Noticed an orc high priest
 16910 | Orc:2    | Noticed an orc high priest
 16914 | Orc:2    | Killed an orc high priest
 16915 | Orc:2    | Reached skill level 14 in Spellcasting
 16918 | Orc:2    | Killed an orc high priest
 17339 | Orc:2    | Reached skill level 10 in Dodging
 17630 | Orc:2    | Noticed an ettin
 17642 | Orc:2    | Killed an ettin
 18046 | Orc:2    | Found Ideedoot's CLEARANCE SALE!.
 18051 | Orc:2    | Bought the +4 Cigotuvi's embrace {Corpsefed rMiasma Drain
                  | rN+} for 55 gold pieces
 18051 | Orc:2    | Found the +4 Cigotuvi's embrace {Corpsefed rMiasma Drain
                  | rN+}
 18051 | Orc:2    | Bought a scroll of fear for 8 gold pieces
 18079 | Orc:2    | Reached skill level 10 in Earth Magic
 18259 | Orc:2    | Found a staircase to the Elven Halls.
 18426 | Orc:2    | Noticed an orc high priest
 18435 | Orc:2    | Killed an orc high priest
 18448 | Orc:2    | Reached skill level 1 in Armour
 18657 | Orc:2    | Found Hablem Milo's Jewellery Boutique.
 18657 | Orc:2    | Found Esano's Antique Weapon Shoppe.
 18659 | Orc:2    | Found Udutoos's Distillery.
 18659 | Orc:2    | Found Henoles's Distillery.
 18674 | Orc:2    | Bought a potion of heal wounds for 70 gold pieces
 18674 | Orc:2    | Bought a potion of lignification for 42 gold pieces
 18674 | Orc:2    | Bought a potion of mutation for 112 gold pieces
 18674 | Orc:2    | Bought a potion of curing for 42 gold pieces
 18674 | Orc:2    | Bought a potion of curing for 42 gold pieces
 18674 | Orc:2    | Bought a potion of mutation for 112 gold pieces
 18674 | Orc:2    | Bought a potion of resistance for 140 gold pieces
 18675 | Orc:2    | Bought a potion of curing for 48 gold pieces
 18675 | Orc:2    | Bought a potion of mutation for 128 gold pieces
 18675 | Orc:2    | Bought a potion of invisibility for 128 gold pieces
 18675 | Orc:2    | Bought a potion of curing for 48 gold pieces
 18675 | Orc:2    | Bought a potion of degeneration for 16 gold pieces
 18675 | Orc:2    | Bought 2 potions of brilliance for 128 gold pieces
 18675 | Orc:2    | Bought a potion of flight for 48 gold pieces
 19410 | Lair:1   | Entered Level 1 of the Lair of Beasts
 19449 | Lair:1   | Noticed Maggie
 19463 | Lair:1   | Killed Maggie
 19942 | Lair:1   | Reached XP level 13. HP: 71/71 MP: 33/33
 20290 | Lair:1   | HP: 5/114 [cane toad (10)]
 20533 | Lair:1   | Reached skill level 15 in Spellcasting
 21685 | Lair:2   | Found a staircase to the Swamp.
 22527 | Lair:3   | Found a staircase to the Snake Pit.
 22737 | Lair:3   | Learned a level 6 spell: Iron Shot
 22742 | Lair:3   | Learned a level 4 spell: Animate Armour
 24501 | Lair:4   | Found a viscous altar of Jiyva.
 24501 | Lair:4   | Found a staircase to the Slime Pits.
 24821 | Lair:5   | Entered Level 5 of the Lair of Beasts
 25105 | Lair:5   | Reached skill level 16 in Spellcasting
 25534 | Lair:5   | Found a frozen archway.
 25545 | IceCv    | Entered an ice cave
 25891 | IceCv    | Reached XP level 14. HP: 84/84 MP: 30/36
 26472 | IceCv    | Identified the amulet "Niommef" {RegenMP Will+ Str+3}
 26583 | Lair:5   | Found a runed translucent gate.
 26584 | Lair:5   | Found a runed translucent gate.
 26585 | Lair:5   | Found a runed translucent gate.
 26586 | Lair:5   | Noticed Veycecw's ghost (journeyman MiGl)
 27118 | Lair:5   | Identified the +6 short sword of Poverty {freeze, rElec rN+
                  | Int+2}
 27950 | Lair:5   | Identified the ring "Jostridaa" {rPois Str+2}
 28100 | Lair:5   | Found a corrupted altar of Lugonu.
 28100 | Lair:5   | Found a one-way gate to the infinite horrors of the Abyss.
 28707 | D:11     | Killed Fannar
 28765 | D:11     | Found a sacrificial altar of Ru.
 29763 | D:13     | Noticed Josephine
 29768 | D:13     | Killed Josephine
 29877 | D:13     | Reached skill level 17 in Spellcasting
 31520 | D:14     | Reached XP level 15. HP: 79/92 MP: 28/38
 31576 | D:14     | Found a gate to the Vaults.
 31703 | D:14     | Learned a level 5 spell: Irradiate
 31731 | D:15     | Entered Level 15 of the Dungeon
 32170 | D:15     | Found a broken altar of Ashenzari.
 33035 | D:15     | Found a staircase to the Depths.
 33044 | D:15     | Reached skill level 10 in Fighting
 33282 | Elf:1    | Entered Level 1 of the Elven Halls
 33453 | Orc:2    | Bought a book of Armaments for 504 gold pieces
 33453 | Orc:2    | Bought a book of Unlife for 504 gold pieces
 33462 | Orc:2    | Learned a level 8 spell: Lehudib's Crystal Spear
 33468 | Orc:2    | Learned a level 5 spell: Borgnjor's Vile Clutch
 34173 | Elf:1    | Reached skill level 18 in Spellcasting
 34532 | Elf:1    | Noticed a deep elf sorcerer
 34537 | Elf:1    | Killed a deep elf sorcerer
 34942 | Elf:1    | Got the Secrets of Amassed Conjuration
 36014 | Elf:1    | Identified the +0 hand axe of Ambiguity {venom, Dex+3}
 36534 | Elf:2    | Reached skill level 15 in Conjurations
 36650 | Elf:2    | Noticed Saint Roka
 36734 | Elf:2    | Reached skill level 15 in Dodging
 36831 | Elf:2    | Found a runed translucent gate.
 36831 | Elf:2    | Found a runed translucent gate.
 36831 | Elf:2    | Found a runed translucent gate.
 36870 | Elf:2    | Found Kaoc's General Store.
 36881 | Elf:2    | Reached XP level 16. HP: 99/99 MP: 40/40
 36897 | Elf:2    | Bought a potion of magic for 136 gold pieces
 36897 | Elf:2    | Bought a potion of heal wounds for 85 gold pieces
 36897 | Elf:2    | Bought a potion of lignification for 51 gold pieces
 36897 | Elf:2    | Bought a scroll of summoning for 161 gold pieces
 36961 | Elf:2    | Identified 2 scrolls of acquirement
 36969 | Elf:2    | Acquired the staff of conjuration "Cibredgh" {rN+ Int+6}
 37462 | Elf:2    | Reached skill level 1 in Staves
 37555 | Elf:2    | HP: 2/99 [something/shard of ice (35)]
 38079 | Elf:2    | Reached XP level 17. HP: 104/104 MP: 41/41
 38088 | Elf:2    | Learned a level 7 spell: Spellforged Servitor
 38267 | Elf:3    | Entered Level 3 of the Elven Halls
 38748 | Elf:3    | Reached skill level 1 in Summonings
 39372 | Elf:3    | Found Qyagof's Antique Weapon Shoppe.
 39952 | Snake:1  | Entered Level 1 of the Snake Pit
 40092 | Snake:1  | Noticed Aizul
 40098 | Snake:1  | Killed Aizul
 40452 | Snake:1  | Acquired a book of the Spheres
 40462 | Snake:1  | Learned a level 7 spell: Orb of Destruction
 40474 | Snake:1  | Reached skill level 19 in Spellcasting
 40542 | Snake:1  | Found Tolarari's Magic Scroll Shop.
 40542 | Snake:1  | Found Iheg Gag's Weapon Boutique.
 40670 | Snake:1  | Found Uttydey's Distillery.
 40674 | Snake:1  | Bought a scroll of teleportation for 39 gold pieces
 40674 | Snake:1  | Bought a scroll of summoning for 123 gold pieces
 40674 | Snake:1  | Bought a scroll of amnesia for 52 gold pieces
 40674 | Snake:1  | Bought a scroll of amnesia for 52 gold pieces
 40674 | Snake:1  | Bought a scroll of magic mapping for 97 gold pieces
 40679 | Snake:1  | Bought a potion of heal wounds for 55 gold pieces
 41794 | Snake:2  | Reached skill level 5 in Summonings
 41794 | Snake:2  | Reached XP level 18. HP: 110/110 MP: 43/43
 42528 | Snake:3  | Noticed Azrael
 42533 | Snake:3  | Killed Azrael
 42943 | Snake:3  | Reached skill level 15 in Earth Magic
 43605 | Snake:3  | Noticed Mlioglotl
 43609 | Snake:3  | Killed Mlioglotl
 44044 | Snake:3  | Found Des Say's Antique Weapon Boutique.
 44077 | Snake:3  | Found Qeirphaarr's Antique Armour Emporium.
 44087 | Snake:3  | Bought a fine cloak for 408 gold pieces
 44087 | Snake:3  | Identified the +0 cloak "Zeyczet" {rElec} (You bought it in
                  | a shop on level 3 of the Snake Pit)
 44292 | Snake:4  | Entered Level 4 of the Snake Pit
 44497 | Snake:4  | Found Yrin's Overcharged Wands.
 45537 | Snake:4  | Reached XP level 19. HP: 115/115 MP: 41/44
 47570 | Snake:4  | Got a serpentine rune of Zot
 47882 | Swamp:1  | Entered Level 1 of the Swamp
 48113 | Swamp:1  | Identified the +6 sling of Moderation {antimagic, rC- Str+8
                  | Dex+4}
 48312 | Swamp:1  | Reached skill level 20 in Spellcasting
 49085 | Swamp:2  | Noticed Nikola
 49102 | Swamp:2  | Killed Nikola
 49945 | Swamp:3  | Reached skill level 10 in Summonings
 50295 | Swamp:4  | Entered Level 4 of the Swamp
 51244 | Swamp:4  | Got a decaying rune of Zot
 52142 | Elf:2    | Killed Saint Roka
 52563 | Elf:3    | Reached XP level 20. HP: 123/123 MP: 46/46
 54148 | Elf:3    | Identified the ring of Lugonu's Vengeance {*Slow rN+ Will+
                  | Int+4 Dex+6}
 54150 | Elf:3    | Identified the +2 morningstar of Asozax {antimagic, rCorr
                  | Dex+5 SInv Stlth-}
 54578 | Elf:3    | Identified the +5 flail "Teomelec" {flame, Will+ Str+4
                  | Dex-3}
 54630 | Elf:3    | Identified the +4 short sword "Asace" {elec, Stlth+}
 54631 | Elf:3    | Reached skill level 21 in Spellcasting
 54902 | Elf:3    | Identified the +1 leather armour "Finy" {rN+ Will- Slay+2}
 55151 | Elf:3    | Got the Anthology of Transformed Translocation
 55255 | Elf:3    | Identified the staff of poison "Oddyw" {rPois Will+}
 55261 | Elf:3    | Got the Volume of Battle Magic
 55372 | Elf:1    | Learned a level 2 spell: Blink
 55544 | Vaults:1 | Entered Level 1 of the Vaults
 58095 | Vaults:2 | Found Leutzas's Book Boutique.
 58101 | Vaults:2 | Bought a book of Sloth for 720 gold pieces
 58108 | Vaults:2 | Learned a level 6 spell: Statue Form
 58493 | Vaults:2 | Reached XP level 21. HP: 129/129 MP: 40/48
 58975 | Vaults:2 | Found a portal to a secret trove of treasure.
 59350 | Vaults:2 | Identified the +1 leather armour of the Trombone {*Corrode
                  | rElec Str+2}
 59619 | Vaults:2 | Reached skill level 22 in Spellcasting
 59762 | Vaults:2 | Mangled by a white very ugly thing

Illustrated notes

Levels and vault maps discovered:
D:1:      giann_bridges, layout_basic, kennysheep_doodads, minmay_pentomino_w2
D:2:      layout_basic, uniq_crazy_yiuf_cottage
D:3:      layout_basic, nicolae_gozag_seed_capital
D:4:      layout_cave_pools, kennysheep_decorative_pillar, nzn_random_ring
D:5:      layout_layer_cave, nicolae_elyvilon_temple_path, serial_bayou,
          serial_bayou_shore_a, serial_bayou_crossing, serial_bayou_pond_c,
          serial_bayou_lagoon_b, serial_bayou_lake_a
D:6:      layout_cave_pools
D:7:      layout_basic, grunt_temple_overflow_open,
          minmay_temple_entry_drinking_statues, serial_shops, shop,
          nicolae_shop_window_shopping, kennysheep_mini_moat,
          gammafunk_ghost_smash
D:8:      layout_rooms, grunt_temple_overflow_growth_and_decay, uniq_maurice
D:9:      layout_rooms, nicolae_wu_jian_immortal_techniques
D:10:     layout_rooms, mainiacjoe_overflow_divided_tiny, david_lair_generic
D:11:     layout_cave_pods, nicolae_ru_the_path_less_chosen, uniq_gastronok,
          uniq_fannar
D:12:     layout_long_grid, zombieorc2_lemuel
D:13:     layout_gridville, uniq_josephine
D:14:     layout_loops_ring, ximxim_vaults_locker_room, minmay_curled_crystal
D:15:     gammafunk_enter_depths_forms, layout_loops_ring,
          minmay_misc_feat_cross, grunt_decor_mini_mirrors,
          evilmike_ruin_ashenzari
Lair:1:   layout_regular_city, grunt_megastairs_3, uniq_maggie
Lair:2:   layout_small_grid, nicolae_swamp_entry_spooky, lemuel_old_faithful
Lair:3:   layout_cave_shapes, nicolae_snake_entry_warm_welcome
Lair:4:   layout_layer_cave, dpeg_slime_entry_enclosed, minivault_27,
          lemuel_fruit_tree
Lair:5:   hellmonk_lair_end_abyssal_woods, layout_gridlike,
          portal_ice_cave_rime, gammafunk_ghost_split, serial_bayou_ford_a,
          nicolae_quartered_pool_medium, pond
Swamp:1:  layout_basic_swamp, evilmike_swamp_ruin_wall, swamp_pool1,
          nicolae_swamp_some_circles
Swamp:2:  layout_basic_swamp, serial_swamp_ruin, hangedman_swamp_ruin_wall,
          evilmike_swamp_ruin_house_1, evilmike_swamp_ruin_house_4, uniq_nikola
Swamp:3:  layout_basic_swamp, evilmike_swamp_ruin_house_3
Swamp:4:  swamp, layout_basic_swamp
Snake:1:  layout_cave_pods, minmay_shop_star, uniq_aizul
Snake:2:  layout_concentric_octagons
Snake:3:  layout_misc_corridors, nicolae_wooded_promenade,
          nicolae_snake_slithery_corners, nicolae_elevator_lobby_asterisk,
          uniq_mlioglotl, uniq_azrael
Snake:4:  snake_pit, layout_rooms, nicolae_shop_overcharged_wands
Orc:1:    layout_caves, gammafunk_ghost_fury_of_okawaru, uniq_snorg
Orc:2:    grunt_orc_tribal_feast, layout_caves, basic_altar,
          nicolae_shop_clearance
Elf:1:    elf_arrival_002, layout_geoelf_diagonals, minmay_elf_sorcery,
          st_stairs_13
Elf:2:    elven_hall_of_blades_hangedman_original [nooodl_blade_entry_preview],
          layout_loops_corners, serial_shops, shop, uniq_saint_roka
Elf:3:    minmay_elf_hall_not_hex, layout_gridlike, serial_shops,
          nicolae_shop_stone, grunt_ministairs_5
Vaults:1: vaults_mumra_hex, hangedman_vaults_capsules,
          nicolae_vaults_an_arrangement, v_misc_29, v_misc_28,
          vaults_room_large_hall, vaults_room_grid, v_misc_24,
          vaults_room_semicircle, hangedman_vaults_maws,
          ontoclasm_vaults_decontamination, layout_vaults_quadrants
Vaults:2: st_hourglassy, vaults_mumra_chevron_long, v_misc_9,
          minmay_crypt_entry_simple_walls, grunt_vaults_twisty,
          hangedman_vaults_stagger, ontoclasm_vaults_chip,
          vaults_room_stairs_pillars, vaults_mumra_minichess_inversion,
          vaults_room_grid, v_misc_18, nicolae_vaults_theta,
          hangedman_vaults_impose, nicolae_vaults_ring_of_whatevers,
          nicolae_vaults_specimen_jars, layout_vaults_ring,
          nicolae_trove_entry_path_of_doom, serial_shops, shop, uniq_zenata

Skill      XL: |  1  2  3  4  5  6  7  8  9 10 11 12 13 14 15 16 17 18 19 20 21 |
---------------+----------------------------------------------------------------+-----
Spellcasting   | 4 5 6 7 8 10 12 13 14 16 17 18 19 20 21 22 | 22.0
Conjurations   | 1 2 3 4 5 7 9 11 12 14 15 16 17 18 | 18.5
Dodging        | 3 4 5 6 7 9 10 12 13 15 16 17 18 19 | 19.1
Earth Magic    | 4 5 7 8 9 10 11 13 14 15 16 17 | 17.6
Fighting       | 1 2 3 4 6 7 8 9 10 11 12 13 | 13.5
Armour         | 1 |  1.1
Staves         | 2 3 |  3.4
Summonings     | 5 7 10 | 10.1
Stealth        | |  2.6
Transmutations | |  1.3

Action                     |  1- 3 |  4- 6 |  7- 9 | 10-12 | 13-15 | 16-18 | 19-21 || total
---------------------------+-------+-------+-------+-------+-------+-------+-------++-------
  Melee: Whip              |       |       |     2 |       |       |       |       ||     2
         Punch             |       |       |     1 |       |     2 |       |       ||     3
         Dagger            |       |       |       |     9 |    61 |       |       ||    70
         Staff             |       |       |       |       |       |     1 |     3 ||     4
   Cast: Sandblast         |    34 |    70 |    74 |    25 |    12 |       |       ||   215
         Stone Arrow       |       |     1 |    94 |   504 |   213 |       |       ||   812
         Petrify           |       |       |       |     9 |     2 |       |       ||    11
         Iron Shot         |       |       |       |       |   426 |   174 |   245 ||   845
         Animate Armour    |       |       |       |       |    18 |     7 |     9 ||    34
         Spellforged Servi |       |       |       |       |       |    22 |   123 ||   145
         Borgnjor's Vile C |       |       |       |       |       |     1 |    19 ||    20
         Irradiate         |       |       |       |       |       |     2 |       ||     2
         Lehudib's Crystal |       |       |       |       |       |       |    64 ||    64
         Apportation       |       |       |       |       |       |       |     1 ||     1
 Invoke: Potion Petition   |       |       |       |     3 |     5 |     2 |     6 ||    16
         Call Merchant     |       |       |       |       |     1 |       |       ||     1
  Evoke: Wand              |       |       |       |    10 |    10 |     1 |       ||    21
         Condenser vane    |       |       |       |       |       |       |     4 ||     4
    Use: Potion            |       |     5 |     1 |     4 |     9 |     3 |     2 ||    24
         Scroll            |       |     1 |     2 |     4 |     5 |    19 |    10 ||    41
   Stab: Invisible         |       |       |       |       |     3 |       |       ||     3
 Armour: Robe              |     3 |     4 |    11 |    24 |    49 |     7 |    17 ||   115
         Skin              |       |       |       |    11 |    26 |       |       ||    37
         Leather armour    |       |       |       |     5 |       |       |       ||     5
  Dodge: Dodged            |     3 |    23 |    43 |   182 |   275 |    60 |   141 ||   727

Table legend: (Time is in decaauts)
 A = Elapsed time spent in this place.
 B = Non-inter-level travel time spent in this place.
 C = Inter-level travel time spent in this place.
 D = Time resting spent in this place.
 E = Time spent auto-exploring this place.
 F = Levels seen in this place.
 G = Mean time per level.
                   A        B        C        D        E       F      G
               +--------+--------+--------+--------+--------+-----+--------+
         Total |  60182 |  57141 |   3041 |  14571 |  35926 |  36 | 1671.7 |
       Dungeon |  20588 |  19456 |   1132 |   3765 |  13617 |  15 | 1372.5 |
          Lair |   8397 |   7941 |    456 |    362 |   6473 |   5 | 1679.4 |
         Swamp |   4012 |   3815 |    197 |    324 |   3005 |   4 | 1003.0 |
     Snake Pit |   7883 |   7568 |    315 |   2909 |   3811 |   4 | 1970.8 |
  Orcish Mines |   4187 |   3871 |    316 |   1158 |   2165 |   2 | 2093.5 |
   Elven Halls |   9925 |   9321 |    604 |   4779 |   3573 |   3 | 3308.3 |
        Vaults |   4201 |   4183 |     18 |    805 |   2939 |   2 | 2100.5 |
      Ice Cave |    985 |    985 |      0 |    468 |    342 |   1 |  985.0 |
               +--------+--------+--------+--------+--------+-----+--------+

Top non-repeatable levels by time:
   Elf:2: 3696 daAuts
    D:12: 3603 daAuts
   Elf:1: 3454 daAuts
 Snake:3: 2788 daAuts
   Elf:3: 2774 daAuts
  Lair:5: 2658 daAuts
   Orc:2: 2563 daAuts
Vaults:1: 2232 daAuts
 Snake:4: 2208 daAuts
Vaults:2: 1968 daAuts
    D:11: 1872 daAuts
     D:4: 1749 daAuts
  Lair:4: 1638 daAuts
   Orc:1: 1624 daAuts
     D:5: 1608 daAuts
